 Dungeon Crawl Stone Soup version 0.22-a0 (webtiles) character file.

137347 KarmaPolice the Whirler (level 17, -2/119 HPs)
             Began as a Halfling Assassin on Dec 31, 2017.
             Was the Champion of Qazlal.
             Slain by a wolf spider (13 damage)
             ... on level 3 of the Spider Nest on Jan 1, 2018.
             The game lasted 02:05:48 (45700 turns).

KarmaPolice the Whirler (Halfling Assassin)        Turns: 45700, Time: 02:05:49

Health: -2/119     AC: 19    Str: 20    XL:     17   Next: 83%
Magic:  35/35      EV: 23    Int:  9    God:    Qazlal [******]
Gold:   1431       SH:  0    Dex: 26    Spells: 22/24 levels left

rFire    + . .     SeeInvis .   b - +12 rapier "Wisageef" {freeze, *Drain rPois MR+ MP+9}
rCold    . . .     Gourm    .   f - +2 buckler
rNeg     . . .     Faith    .   y - +0 ring mail {rF+}
rPois    +         Spirit   .   (no helmet)
rElec    +         Reflect  .   G - +2 cloak of Pehimyt {MR+ Str+3 Dex-4}
rCorr    .         Harm     .   z - +2 pair of gloves
MR       ++...                  S - +2 pair of boots {Stlth+}
Stlth    +.........             (no amulet)
HPRegen  0.29/turn              R - +5 ring of dexterity
MPRegen  0.24/turn              J - ring of Autumn {MR- AC+1 Str+3 Dex+4 Slay+5}

@: confused, protected from electricity, very slightly contaminated, repel
missiles
A: small, mutation resistance 1
a: Upheaval, Elemental Force, Disaster Area, Renounce Religion


You were on level 3 of the Spider Nest.
You worshipped Qazlal.
Qazlal was exalted by your worship.
You were not hungry.

You visited 6 branches of the dungeon, and saw 29 of its levels.
You also visited: Ossuary.

You collected 2581 gold pieces.
You spent 1150 gold pieces at shops.

Inventory:

Hand Weapons
 b - the +12 rapier "Wisageef" (weapon) {freeze, *Drain rPois MR+ MP+9}
   (You found it on level 11 of the Dungeon)

   It has been specially enchanted to freeze those struck by it, causing extra
   injury to most foes and up to half again as much damage against particularly
   susceptible opponents.
   It can also slow down cold-blooded creatures.
   It protects you from poison.
   It affects your resistance to hostile enchantments.
   It affects your magic capacity (+9).
   It causes draining when unequipped.
 o - a +0 hunting sling
 t - a +0 blowgun
 w - a +3 scimitar of flaming
 x - a +2 falchion of holy wrath
 M - a +1 double sword of slicing
Missiles
 e - 64 poisoned needles
 k - 133 sling bullets
 m - 562 stones (quivered)
 P - 3 curare-tipped needles
Armour
 f - a +2 buckler (worn)
 y - a +0 ring mail of fire resistance (worn)
 z - a +2 pair of gloves (worn)
 G - the +2 cloak of Pehimyt (worn) {MR+ Str+3 Dex-4}
   (You found it on level 4 of the Dungeon)

   It affects your strength (+3).
   It affects your dexterity (-4).
   It affects your resistance to hostile enchantments.
 S - a +2 pair of boots of stealth (worn)
 V - a +1 scale mail of positive energy
Jewellery
 J - the ring of Autumn (right hand) {MR- AC+1 Str+3 Dex+4 Slay+5}
   (You bought it in a shop on level 14 of the Dungeon)

   [ring of protection]

   It affects your AC (+1).
   It affects your strength (+3).
   It affects your dexterity (+4).
   It affects your accuracy and damage with ranged weapons and melee attacks
   (+5).
   It affects your resistance to hostile enchantments.
 R - a +5 ring of dexterity (left hand)
Wands
 W - a wand of digging (20)
 Z - a wand of acid (37)
Scrolls
 d - 5 scrolls of enchant armour
 j - 3 scrolls of identify
 l - a scroll of blinking
 n - 4 scrolls of magic mapping
 r - 2 scrolls of fear
 s - 17 scrolls of remove curse
 u - 4 scrolls of enchant weapon
 B - 2 scrolls of silence
 C - 12 scrolls of teleportation
 D - 5 scrolls of immolation
 I - 5 scrolls of fog
 L - a scroll of amnesia
 Q - a scroll of noise {unknown}
 T - a scroll of torment {unknown}
 X - 2 scrolls of brand weapon
 Y - a scroll of summoning {unknown}
Potions
 a - 3 potions of curing
 c - 2 potions of flight
 h - 6 potions of haste
 i - 6 potions of ambrosia
 p - 3 potions of invisibility
 q - a potion of heal wounds
 v - 3 potions of resistance
 A - 2 potions of brilliance
 F - 6 potions of might
 H - a potion of cancellation
 N - 3 potions of agility
 O - 2 potions of magic
Comestibles
 g - 33 rations
 E - 3 chunks of flesh


   Skills:
 - Level 11.8 Fighting
 + Level 12.2(14.9) Short Blades
 - Level 12.4(13.8) Long Blades
 - Level 16.9(17.0) Slings
 - Level 2.0(8.5) Throwing
 + Level 12.8 Armour
 + Level 9.5 Dodging
 - Level 4.3 Stealth
 - Level 4.1 Shields
 - Level 4.1 Spellcasting
 - Level 12.0 Invocations


You had 22 spell levels left.
You knew the following spells:

 Your Spells              Type           Power        Failure   Level  Hunger
a - Blink                 Tloc           N/A          56%         2    ###....


Dungeon Overview and Level Annotations

Branches:
Dungeon (15/15)            Temple (1/1) D:4            Lair (6/6) D:10
 Shoals (0/4) Lair:3       Spider (4/4) Lair:3        Slime (0/5) Lair:5
    Orc (2/2) D:10            Elf (0/3) Orc:2        Vaults (0/5) D:13
 Depths (1/5) D:15

Altars:
Ashenzari
Cheibriados
Dithmenos
Elyvilon
Fedhas
Gozag
Hepliaklqana
Kikubaaqudgha
Makhleb
Nemelex Xobeh
Okawaru
Qazlal
Ru
Sif Muna
Trog
Uskayaw
Vehumet
Wu Jian
Xom
Yredelemnul
Zin
The Shining One
Beogh

Shops:
D:7 !%:[%   D:12 [   D:14 =   Orc:2 *?}[

Portals:
Pandemonium: Orc:2


Innate Abilities, Weirdness & Mutations

You are small and have problems with some larger weapons.
You are somewhat resistant to further mutation.


Message History

As you read the scroll of blinking, it crumbles to dust.
The wolf spider is engulfed in freezing vapours. x2
You are confused.
You feel invigorated.
You're too confused to move!
The wolf spider closely misses you. The wolf spider completely misses you.
The wolf spider hits you.
* * * LOW HITPOINT WARNING * * *
The wolf spider completely misses you.
The wolf spider hits you but does no damage.
The wolf spider misses you. The wolf spider hits you!
* * * LOW HITPOINT WARNING * * *
The wolf spider bites you.
* * * LOW HITPOINT WARNING * * *
The wolf spider misses you.
The wolf spider bites you but does no damage.
You feel much better. The wolf spider hits you!
* * * LOW HITPOINT WARNING * * *
The wolf spider misses you. The wolf spider hits you!
You die...

..##........##.#^..##......##
...#...##...<####^..##^.....#
#..#.^..##..## ##...####^.##
#..###...##### #....#..##..##
##..###......##
#........##..##
##...####.....#
##........##..## ^#.^##
##...#####....<....#...#
.#..##
###..#.#s..#.....##...#
.|...## #....@§.###.####....#
......##
#..§§s###.###..#..###
.#.....#
##.#####...#.^...##.#
.##.^.## ### #..^#....##).#
.###### #.....^..#^..# ##
##....#####...# ##
##...###^......# .##
#..............# ..#
#...#......#...#


You could see 2 wolf spiders.

Vanquished Creatures
  Arachne (Spider:3)
  A ghost moth (Spider:3)
  A vampire knight (Depths:1)
  Nessos (Orc:2)
  A spark wasp (Spider:3)
  The ghost of TenguReborn the Destroyer, a journeyman TeWz of Sif Muna (Lair:6)
  Fannar (D:11)
  A fire dragon (Lair:6)
  Erolcha (D:9)
  2 vault guards
  A catoblepas (Lair:4)
  10 hydras
  Erica (D:10)
  4 two-headed ogres
  A death knight (D:13)
  A tengu warrior (D:14)
  Urug (Lair:2)
  6 orc high priests
  2 soul eaters (Orc:2)
  Nergalle (D:11)
  Sonja (Orc:2)
  A sun demon (Orc:2)
  A skeletal warrior (D:14)
  A gelid demonspawn (Orc:2)
  2 deep trolls (D:15)
  An infernal demonspawn (Orc:2)
  2 torturous demonspawn (Orc:2)
  An unseen horror (D:15)
  4 wizards
  The ghost of KarmaPolice the Covert, a novice OpAs of Dithmenos (D:7)
  A lindwurm (Lair:6)
  A phantasmal warrior (D:13)
  12 orb spiders
  A necromancer (D:15)
  7 orc knights
  14 orc sorcerers
  14 wolf spiders
  2 oklob plants
  2 manticores
  3 cyclopes
  2 moths of wrath
  14 ugly things
  4 elephants
  A naga mage (D:15)
  Maurice (D:9)
  8 black mambas
  3 torpor snails
  3 gargoyles
  A smoke demon (Orc:2)
  5 centaur skeletons
  2 molten gargoyles (Lair:6)
  13 spiny frogs
  3 rime drakes
  9 demonic crawlers
  A freezing wraith (D:14)
  A kobold demonologist (D:9)
  8 komodo dragons
  A yaktaur (D:15)
  5 polar bears
  A tengu conjurer (D:14)
  4 trolls
  A queen bee (D:9)
  23 jumping spiders
  8 hornets
  2 dream sheep (Lair:3)
  5 blink frogs
  9 hippogriffs
  9 slime creatures
  2 centaur simulacra (D:15)
  3 shadows
  39 redbacks
  16 tarantellas
  12 spriggans (Lair:3)
  5 wyverns
  24 yaks
  Sigmund (D:5)
  2 vampires
  4 water elementals (D:14)
  2 wraiths (D:14)
  A chaos spawn (Orc:2)
  6 basilisks
  A hungry ghost (D:11)
  A neqoxec (Orc:2)
  18 humans
  8 vampire mosquitoes
  5 hell hounds (Lair:6)
  4 wargs
  10 water moccasins
  12 porcupines
  39 orc warriors
  6 sky beasts
  7 ice beasts
  A boggart (shapeshifter) (D:15)
  2 black bears
  A necrophage (D:10)
  5 phantoms
  8 wolves
  3 boggarts (Lair:3)
  6 centaurs
  12 ogres
  13 crocodiles
  12 big kobolds
  An elf zombie (D:6)
  A gnoll sergeant (Orc:1)
  17 bullfrogs
  2 elf skeletons (D:6)
  A water moccasin zombie (Ossuary)
  A wyvern skeleton (D:14)
  A scorpion (D:5)
  6 killer bees (D:8)
  4 wights (D:14)
  4 electric eels
  7 howler monkeys
  3 bullfrog zombies
  8 jellies
  6 crimson imps
  5 lava snakes (Lair:6)
  3 quasits
  6 centaur zombies
  4 hounds
  2 human zombies (D:6)
  29 orc priests
  2 bullfrog skeletons
  5 iguanas
  11 orc wizards
  Crazy Yiuf (D:2)
  Jessica (D:2)
  Natasha (twice) (D:2)
  Terence (D:2)
  9 worker ants
  2 mummies (Ossuary)
  8 gnolls
  A worker ant zombie (D:8)
  11 adders
  3 shadow imps
  2 white imps (D:9)
  2 worker ant simulacra (D:9)
  An ufetubus (D:9)
  4 oozes
  5 adder zombies (Ossuary)
  An adder skeleton (D:7)
  3 worms
  3 dart slugs
  2 leopard geckos
  111 orcs
  A ball python (D:2)
  9 bats
  5 giant cockroaches
  3 gnoll zombies (Ossuary)
  5 goblins
  11 hobgoblins
  11 jackals
  17 kobolds
  4 quokkas
  5 frilled lizards
  6 hobgoblin zombies (Ossuary)
  6 kobold zombies (Ossuary)
  4 orc zombies
  9 rats
  3 fungi
  A plant (Lair:6)
951 creatures vanquished.

Vanquished Creatures (others)
  A ghost moth (Spider:1)
  2 orcs
  A bush (Lair:1)
  30 fungi
  9 plants
  6 toadstools (D:8)
49 creatures vanquished.

Grand Total: 1000 creatures vanquished

Notes
Turn   | Place    | Note
-------+----------+-------------------------------------------
     0 | D:1      | KarmaPolice the Halfling Assassin began the quest for the Orb.
     0 | D:1      | Reached XP level 1. HP: 14/14 MP: 1/1
    83 | D:1      | Reached XP level 2. HP: 19/19 MP: 2/2
   238 | D:1      | Reached skill level 1 in Slings
   324 | D:1      | Reached XP level 3. HP: 23/24 MP: 3/3
   742 | D:2      | Reached skill level 2 in Slings
   742 | D:2      | Reached XP level 4. HP: 26/30 MP: 4/4
   917 | D:2      | Found a basalt altar of Yredelemnul.
  1230 | D:2      | Noticed Jessica
  1241 | D:2      | Killed Jessica
  1334 | D:2      | Noticed Natasha
  1346 | D:2      | Killed Natasha
  1346 | D:2      | Reached skill level 3 in Slings
  1346 | D:2      | Reached XP level 5. HP: 27/36 MP: 5/5
  1507 | D:2      | Noticed Terence
  1538 | D:2      | Killed Terence
  1696 | D:2      | Found a runed door.
  1701 | D:2      | Noticed Crazy Yiuf
  1703 | D:2      | Killed Crazy Yiuf
  1792 | D:2      | Noticed Natasha
  1810 | D:2      | Killed Natasha
  1810 | D:2      | Reached XP level 6. HP: 42/42 MP: 6/6
  2032 | D:3      | Reached skill level 1 in Armour
  2191 | D:3      | Found a hide-covered altar of Uskayaw.
  2297 | D:3      | Reached skill level 4 in Slings
  2706 | D:3      | Found a blossoming altar of Fedhas.
  2909 | D:3      | Found an ornate altar of the Wu Jian Council.
  3024 | D:4      | Noticed an ogre
  3061 | D:4      | Killed an ogre
  3061 | D:4      | Reached skill level 5 in Short Blades
  3061 | D:4      | Reached XP level 7. HP: 47/47 MP: 7/7
  3264 | D:4      | Found a staircase to the Ecumenical Temple.
  3281 | Temple   | Entered the Ecumenical Temple
  3570 | D:4      | Reached skill level 5 in Slings
  4058 | D:4      | Got a polished cloak
  4069 | D:4      | Identified the +2 cloak of Pehimyt {MR+ Str+3 Dex-4} (You found it on level 4 of the Dungeon)
  4102 | D:4      | Found a deep blue altar of Sif Muna.
  4338 | D:5      | Entered Level 5 of the Dungeon
  4464 | D:5      | Noticed Sigmund
  4744 | D:5      | Killed Sigmund
  4744 | D:5      | Reached skill level 1 in Long Blades
  4855 | D:5      | Reached skill level 6 in Slings
  4855 | D:5      | Reached XP level 8. HP: 39/54 MP: 8/8
  5796 | D:6      | Found a sand-covered staircase.
  5846 | Ossuary  | Entered an ossuary
  6209 | D:6      | Reached skill level 7 in Slings
  6433 | D:6      | Reached XP level 9. HP: 58/58 MP: 9/9
  6490 | D:6      | Found a basalt altar of Yredelemnul.
  6635 | D:6      | Noticed a moth of wrath
  6638 | D:6      | Found a bloodstained altar of Trog.
  6865 | D:6      | Reached skill level 5 in Armour
  7215 | D:7      | Found Wiqef's Food Emporium.
  7229 | D:7      | Found Zioss's Antique Armour Shop.
  7234 | D:7      | Found Orest's Food Shop.
  7500 | D:7      | Reached skill level 8 in Slings
  7631 | D:7      | Found Nibef's Book Boutique.
  7654 | D:7      | Noticed KarmaPolice's ghost (novice OpAs)
  7672 | D:7      | Killed KarmaPolice's ghost
  7719 | D:7      | Found Othreuc's Distillery.
  7732 | D:7      | Found a glowing silver altar of Zin.
  7733 | D:7      | Found an iron altar of Okawaru.
  7740 | D:7      | Bought a potion of agility for 52 gold pieces
  7747 | D:7      | Found a sacrificial altar of Ru.
  7961 | D:7      | Found a stormy altar of Qazlal.
  7961 | D:7      | Found a burning altar of Makhleb.
  7962 | D:7      | Found a shattered altar of Ashenzari.
  7974 | D:7      | Became a worshipper of Qazlal Stormbringer
  8021 | D:7      | Found a radiant altar of Vehumet.
  8156 | D:7      | Found a white marble altar of Elyvilon.
  8264 | D:8      | Reached skill level 5 in Long Blades
  8264 | D:8      | Reached skill level 9 in Slings
  8563 | D:8      | Reached skill level 1 in Invocations
  8728 | D:8      | Noticed a hippogriff
  8733 | D:8      | Reached XP level 10. HP: 56/63 MP: 10/10
  9218 | D:8      | Reached * piety under Qazlal
  9344 | D:8      | Reached skill level 10 in Slings
  9475 | D:8      | Noticed a two-headed ogre
  9506 | D:8      | Killed a two-headed ogre
  9929 | D:8      | Found a roughly hewn altar of Beogh.
 10155 | D:8      | Reached ** piety under Qazlal
 11176 | D:8      | Reached skill level 5 in Fighting
 11176 | D:8      | Reached skill level 11 in Slings
 11176 | D:8      | Reached skill level 5 in Invocations
 11176 | D:8      | Reached XP level 11. HP: 71/71 MP: 14/14
 12057 | D:9      | Reached *** piety under Qazlal
 12337 | D:9      | Noticed Erolcha
 12455 | D:9      | Killed Erolcha
 12867 | D:9      | Reached skill level 12 in Slings
 13884 | D:10     | Entered Level 10 of the Dungeon
 13884 | D:10     | Found a white marble altar of Elyvilon.
 13928 | D:10     | Noticed Erica
 14317 | D:10     | Killed Erica
 14440 | D:10     | Reached XP level 12. HP: 60/80 MP: 17/17
 14816 | D:10     | Noticed a two-headed ogre
 14877 | D:10     | Killed a two-headed ogre
 14898 | D:10     | Noticed Maurice
 15228 | D:9      | Killed Maurice
 15392 | D:10     | Found a roughly hewn altar of Beogh.
 15532 | D:10     | Noticed a four-headed hydra
 15549 | D:10     | Killed a one-headed hydra
 15549 | D:10     | Reached skill level 13 in Slings
 15815 | D:10     | Found a staircase to the Lair.
 15857 | D:10     | Reached **** piety under Qazlal
 16214 | D:10     | Found a staircase to the Orcish Mines.
 16480 | Lair:1   | Entered Level 1 of the Lair of Beasts
 16914 | Lair:1   | Noticed an eight-headed hydra
 16932 | Lair:1   | Killed a one-headed hydra
 18018 | Lair:1   | Reached skill level 14 in Slings
 18018 | Lair:1   | Reached XP level 13. HP: 63/88 MP: 19/19
 18178 | Lair:1   | Noticed a seven-headed hydra
 18186 | Lair:1   | Killed a five-headed hydra
 18938 | Lair:2   | Reached skill level 10 in Long Blades
 19309 | Lair:2   | Noticed Urug
 19347 | Lair:2   | Killed Urug
 19347 | Lair:2   | Reached skill level 1 in Shields
 20994 | Lair:3   | Noticed a six-headed hydra
 21007 | Lair:2   | Killed a three-headed hydra
 21563 | Lair:3   | Found a hole to the Spider Nest.
 21608 | Lair:3   | Reached skill level 15 in Slings
 21933 | Lair:3   | Found a staircase to the Shoals.
 22474 | Lair:3   | Reached ***** piety under Qazlal
 23370 | Lair:3   | Reached XP level 14. HP: 25/97 MP: 21/21
 24267 | Lair:4   | Reached skill level 10 in Fighting
 24267 | Lair:4   | Reached skill level 16 in Slings
 25318 | Lair:5   | Found a staircase to the Slime Pits.
 25592 | Lair:5   | Learned a level 2 spell: Blink
 25697 | Lair:5   | Got a blackened leather armour
 25976 | Lair:5   | Identified the Volume of Stones
 26309 | Lair:5   | Identified the +1 leather armour of Instinct {rElec rCorr Str-2 Int+8} (You found it on level 5 of the Lair of Beasts)
 26401 | Lair:6   | Entered Level 6 of the Lair of Beasts
 27542 | Lair:6   | Noticed TenguReborn's ghost (journeyman TeWz)
 28139 | Lair:6   | Killed TenguReborn's ghost
 29253 | Lair:6   | Reached XP level 15. HP: 105/105 MP: 22/22
 29558 | Lair:6   | Found a large runed door.
 29559 | Lair:6   | Found a large runed door.
 30356 | D:11     | Noticed Nergalle
 30395 | D:11     | Killed Nergalle
 30454 | D:11     | Noticed Fannar
 30635 | D:11     | Killed Fannar
 31023 | D:11     | Found a glowing silver altar of Zin.
 31361 | D:11     | Got a scorched rapier
 31362 | D:11     | Identified the +12 rapier "Wisageef" {freeze, *Drain rPois MR+ MP+9} (You found it on level 11 of the Dungeon)
 31694 | D:12     | Found Xor Zuel's Armour Shop.
 32591 | D:12     | Reached ****** piety under Qazlal
 33350 | D:13     | Found a gate to the Vaults.
 33467 | D:14     | Found a burning altar of Makhleb.
 33497 | D:14     | Reached skill level 10 in Armour
 34126 | D:14     | Found a glowing silver altar of Zin.
 34169 | D:14     | Found Vesiw's Jewellery Emporium.
 34175 | D:14     | Bought the ring of Autumn {MR- AC+1 Str+3 Dex+4 Slay+5} for 622 gold pieces
 34233 | D:14     | Found a radiant altar of Vehumet.
 34365 | D:14     | Reached skill level 5 in Dodging
 34546 | D:13     | Reached XP level 16. HP: 114/114 MP: 23/23
 34766 | D:14     | Reached skill level 10 in Short Blades
 35211 | D:15     | Entered Level 15 of the Dungeon
 35491 | D:14     | Paralysed by an orc sorcerer for 7 turns
 35602 | D:15     | Paralysed by an orc sorcerer for 7 turns
 35605 | D:15     | Reached skill level 1 in Spellcasting
 36292 | D:15     | Found a sacrificial altar of Ru.
 36379 | D:15     | Found a staircase to the Depths.
 36543 | Orc:1    | Entered Level 1 of the Orcish Mines
 36769 | Orc:1    | Found a roughly hewn altar of Beogh.
 36925 | Orc:2    | Entered Level 2 of the Orcish Mines
 36929 | Orc:2    | Reached skill level 10 in Invocations
 37786 | Orc:2    | Noticed Nessos
 38123 | Orc:2    | Killed Nessos
 38260 | Orc:2    | Found a staircase to the Elven Halls.
 38509 | Orc:2    | Found a roughly hewn altar of Beogh.
 38857 | Orc:2    | Found Tyqeusuw's Magic Scroll Shop.
 39233 | Orc:2    | Found Otaimaj's General Store.
 39238 | Orc:2    | Noticed Sonja
 39248 | Orc:2    | Killed Sonja
 39291 | Orc:2    | Bought a scroll of identify for 34 gold pieces
 39291 | Orc:2    | Bought a scroll of identify for 34 gold pieces
 39291 | Orc:2    | Bought a scroll of fog for 34 gold pieces
 39291 | Orc:2    | Bought a scroll of identify for 34 gold pieces
 40918 | Orc:2    | Found Uqawy's Gadget Emporium.
 40918 | Orc:2    | Found a one-way gate leading to the halls of Pandemonium.
 40918 | Orc:2    | Found Urchau's Antique Armour Shoppe.
 41028 | Orc:2    | Bought a scroll of brand weapon for 340 gold pieces
 41457 | Depths:1 | Entered Level 1 of the Depths
 41488 | Depths:1 | Reached XP level 17. HP: 106/119 MP: 25/25
 41936 | Spider:1 | Entered Level 1 of the Spider Nest
 44766 | Spider:3 | Noticed Arachne
 44786 | Spider:3 | Killed Arachne
 45265 | Spider:4 | Entered Level 4 of the Spider Nest
 45699 | Spider:3 | HP: 4/119 [wolf spider (3)]
 45700 | Spider:3 | Slain by a wolf spider

Vault maps used:
D:1:      saegor_arrival_simple_b, minmay_gold_behind_fungi
D:2:      yredelemnul_altar_generic, kennysheep_jessica_study, uniq_terence,
          uniq_crazy_yiuf_cottage, uniq_natasha
D:3:      fedhas_altar_1, marbit_many_paths, eat_drink_and_be_merry_uskayaw
D:4:      lemuel_doored_altar, minmay_temple_entry_large_hall,
          eino_small_chamber_without_monster
D:5:      first_ration, uniq_sigmund
D:6:      nicolae_ossuary_entry_catacombs, basic_altar, tgw_trog
D:7:      overflow_temple_1_default, grunt_temple_overflow_open, basic_altar,
          serial_shops, shop_fountains, shop, nicolae_shop_overgrown_old_shop,
          nicolae_shop_window_shopping, shop_coins, roderic_three_in_a_row,
          nrook_mini_vaults
D:8:      cheibrodos_fertilizer, special_room
D:9:      serial_ice, serial_ice_n, serial_ice_b, serial_ice_d, serial_ice_c,
          serial_ice_f, serial_ice_i, hangedman_pestilent_swarm, uniq_erolcha
D:10:     lair_entry_dummy, david_orc_5, special_room, basic_altar,
          uniq_maurice, uniq_erica
D:11:     lemuel_oklob_altar, uniq_nergalle, uniq_fannar
D:12:     serial_shops, shop
D:13:     grunt_vaults_entry_tiered
D:14:     serial_shops, shop, lemuel_round_altar, basic_altar,
          kennysheep_flooded_box
D:15:     grunt_enter_depths_magical_seal, minivault_11, basic_altar
Temple:   zaba_magenta_temple
Lair:1:   st_stairs_9
Lair:2:   uniq_urug
Lair:3:   kb_forest_paths, minmay_shoals_entry_beasts,
          nicolae_spider_entry_tight_spaces, serial_bayou_shore_b
Lair:4:   infiniplex_staircase_pool, serial_bayou_shore_b
Lair:5:   minmay_slime_entry_oklob_open, beast_lair_carwin_11
Lair:6:   cheibrodos_lair_end_hotspot
Spider:3: uniq_arachne
Spider:4: johnstein_spider_rune_arachne_lair,
          hangedman_spider_tarantella_strand, uniq_bai_suzhen, uniq_asterion
Orc:1:    basic_altar
Orc:2:    pf_orc_diabolical, basic_altar, uniq_sonja, uniq_nessos
Depths:1: grunt_hell_entry_dis_grunt, serial_sigils_hangedman_scratch,
          minmay_misc_feat_plants, tso_altar
Ossuary:  ossuary_tomb_2

Skill      XL: |  1  2  3  4  5  6  7  8  9 10 11 12 13 14 15 16 17 |
---------------+----------------------------------------------------+-----
Fighting       | 2 3 4 5 6 8 9 10 11 | 11.8
Short Blades   | 3 4 5 6 8 9 10 12 | 12.2
Slings         | 1 2 3 4 6 7 9 11 12 14 15 16 | 16.9
Armour         | 2 3 4 6 7 8 10 11 12 | 12.8
Long Blades    | 1 3 5 6 8 9 11 12 | 12.4
Invocations    | 1 5 7 9 10 12 | 12.0
Shields        | 4 |  4.1
Dodging        | 5 7 9 |  9.5
Spellcasting   | 3 4 |  4.1
Throwing       | |  2.0
Stealth        | |  4.3

Action                   |  1- 3 |  4- 6 |  7- 9 | 10-12 | 13-15 | 16-18 || total
-------------------------+-------+-------+-------+-------+-------+-------++-------
Melee: Dagger            |   118 |   225 |    64 |       |       |       ||   407
       Falchion          |       |       |   299 |   532 |    75 |       ||   906
       Scimitar          |       |       |       |   221 |   714 |       ||   935
       Blowgun           |       |       |       |     1 |       |       ||     1
       Double sword      |       |       |       |       |   207 |       ||   207
       Rapier            |       |       |       |       |   420 |   884 ||  1304
 Fire: Blowgun           |       |    26 |    41 |    99 |    10 |       ||   176
Evoke: Wand              |       |       |       |     5 |     1 |       ||     6
  Use: Scroll            |       |       |     8 |     9 |     6 |    10 ||    33
       Potion            |       |       |       |     2 |     3 |     9 ||    14
 Stab: Sleeping          |     2 |     7 |    10 |       |       |       ||    19
       Distracted        |       |     1 |       |     1 |       |       ||     2
       Paralysed         |       |       |       |    11 |       |       ||    11
       Confused          |       |       |       |       |     1 |       ||     1
  Eat: Chunk             |       |     7 |    15 |    26 |    41 |    22 ||   111
       Ration            |       |       |     1 |     1 |     4 |     4 ||    10
Armor: Robe              |    21 |    38 |   105 |    90 |       |       ||   254
       Skin              |       |    11 |       |       |       |       ||    11
       Leather armour    |       |       |       |   251 |   343 |    26 ||   620
       Ring mail         |       |       |       |       |    14 |   173 ||   187
Dodge: Dodged            |    82 |   111 |   173 |   495 |   515 |   517 ||  1893
       Deflected         |       |       |       |     4 |    10 |    14 ||    28
Block: Other             |       |       |       |   115 |    87 |       ||   202
       Buckler           |       |       |       |       |   613 |   695 ||  1308
       Rpst.: Falchion   |       |       |    52 |   109 |     2 |       ||   163
       Scimitar          |       |       |       |    29 |    52 |       ||    81
       Double sword      |       |       |       |       |    26 |       ||    26

Table legend:
 A = Spawn XP
 B = Non-spawn XP
 C = Spawn XP percentage of total XP
 D = Spawn monster count
 E = Non-spawn monster count
 F = Spawn count percentage of total count
 G = Total turns spent on level
                    A         B        C        D         E        F      G
               +---------+---------+-------+---------+---------+-------+---------
         Total |       0 |  196210 |   0.0 |       0 |     948 |   0.0 | 45700
               +---------+---------+-------+---------+---------+-------+---------
           D:1 |       0 |      52 |   0.0 |       0 |      30 |   0.0 |   729
           D:2 |       0 |     233 |   0.0 |       0 |      21 |   0.0 |  1101
           D:3 |       0 |      99 |   0.0 |       0 |      24 |   0.0 |  1194
           D:4 |       0 |     317 |   0.0 |       0 |      13 |   0.0 |  1060
           D:5 |       0 |     640 |   0.0 |       0 |      12 |   0.0 |  1387
           D:6 |       0 |     908 |   0.0 |       0 |      21 |   0.0 |  1209
           D:7 |       0 |    1144 |   0.0 |       0 |      11 |   0.0 |  1190
           D:8 |       0 |    5610 |   0.0 |       0 |      77 |   0.0 |  3521
           D:9 |       0 |    6056 |   0.0 |       0 |      47 |   0.0 |  3365
          D:10 |       0 |    6242 |   0.0 |       0 |      56 |   0.0 |  2158
          D:11 |       0 |    5502 |   0.0 |       0 |      23 |   0.0 |  1150
          D:12 |       0 |    9201 |   0.0 |       0 |      46 |   0.0 |  1194
          D:13 |       0 |   10155 |   0.0 |       0 |      29 |   0.0 |  1387
          D:14 |       0 |   12229 |   0.0 |       0 |      41 |   0.0 |  1763
          D:15 |       0 |    9328 |   0.0 |       0 |      25 |   0.0 |   963
        Temple |       0 |      12 |   0.0 |       0 |       4 |   0.0 |   272
        Lair:1 |       0 |    7607 |   0.0 |       0 |      24 |   0.0 |  1744
        Lair:2 |       0 |    4517 |   0.0 |       0 |      19 |   0.0 |  2485
        Lair:3 |       0 |   19875 |   0.0 |       0 |      72 |   0.0 |  3827
        Lair:4 |       0 |    5630 |   0.0 |       0 |      17 |   0.0 |  1318
        Lair:5 |       0 |    6803 |   0.0 |       0 |      21 |   0.0 |  2595
        Lair:6 |       0 |   15202 |   0.0 |       0 |      50 |   0.0 |  2292
      Spider:1 |       0 |   12001 |   0.0 |       0 |      37 |   0.0 |  1004
      Spider:2 |       0 |    5940 |   0.0 |       0 |      15 |   0.0 |   499
      Spider:3 |       0 |   14080 |   0.0 |       0 |      30 |   0.0 |  1149
      Spider:4 |       0 |    4221 |   0.0 |       0 |      14 |   0.0 |   171
         Orc:1 |       0 |    8084 |   0.0 |       0 |      48 |   0.0 |  2190
         Orc:2 |       0 |   22420 |   0.0 |       0 |      93 |   0.0 |  2417
      Depths:1 |       0 |    1939 |   0.0 |       0 |       2 |   0.0 |    41
       Ossuary |       0 |     163 |   0.0 |       0 |      26 |   0.0 |   325
               +---------+---------+-------+---------+---------+-------+---------
